 Dungeon Crawl Stone Soup version 0.31.0-12-g77e489cdc1 (webtiles) character file.

Game seed: 5070026707359261976

89 bearlyready the Gusty (level 4, 0/32 HPs)
             Began as a Gnoll Air Elementalist on Feb 17, 2024.
             Killed from afar by Sigmund (7 damage)
             ... with a magic dart
             ... on level 2 of the Dungeon.
             The game lasted 00:04:53 (2102 turns).

bearlyready the Gusty (Gnoll Air Elementalist)      Turns: 2102, Time: 00:04:53

Health: 0/32       AC:  7    Str:  7    XL:     4   Next: 55%
Magic:  2/11       EV: 13    Int: 17    God:
Gold:   55         SH:  0    Dex: 12    Spells: 12/13 levels left

rFire   + . .        o - +4 dagger
rCold   . . .        (no shield)
rNeg    . . .        a - +0 robe
rPois   .            n - +1 helmet
rElec   .            (no cloak)
rCorr   .            f - +2 pair of gloves
SInv    .            (no boots)
Will    .....        (no amulet)
Stlth   ++           d - ring of protection from fire
HPRegen 0.25/turn    (no ring)
MPRegen 0.12/turn

%: no passive effects
@: no status effects
A: fangs 1, strong nose, distributed training
a: no special abilities


You were on level 2 of the Dungeon.
You visited 1 branch of the dungeon, and saw 2 of its levels.

You collected 55 gold pieces.

Inventory:

Hand Weapons
 o - a +4 dagger (weapon)
Missiles
 h - 9 stones
 k - 6 javelins
Armour
 a - a +0 robe (worn)
 f - a +2 pair of gloves (worn)
 n - a +1 helmet (worn)
Jewellery
 d - a ring of protection from fire (left hand)
Scrolls
 c - a scroll of identify {unknown}
 e - a scroll of enchant armour {unknown}
 g - 2 scrolls of immolation {unknown}
 i - a scroll of noise {unknown}
 j - a scroll of enchant weapon {unknown}
 l - a scroll of summoning {unknown}
 m - a scroll of blinking {unknown}
 p - a scroll of torment {unknown}
 r - a scroll of teleportation {unknown}
 s - a scroll of fear {unknown}
Potions
 b - a potion of magic
 q - a potion of might {unknown}
 t - a potion of brilliance {unknown}


   Skills:
 + Level 1.2 Fighting
 + Level 1.2 Short Blades
 + Level 1.2 Long Blades
 + Level 1.2 Axes
 + Level 1.2 Maces & Flails
 + Level 1.2 Polearms
 + Level 1.2 Staves
 + Level 1.2 Ranged Weapons
 + Level 1.2 Throwing
 + Level 1.2 Armour
 + Level 4.7 Dodging
 + Level 4.3 Stealth
 + Level 1.2 Shields
 + Level 1.2 Unarmed Combat
 + Level 5.1 Spellcasting
 + Level 2.3 Conjurations
 + Level 1.0 Hexes
 + Level 1.0 Summonings
 + Level 1.0 Necromancy
 + Level 1.0 Translocations
 + Level 1.0 Fire Magic
 + Level 1.0 Ice Magic
 + Level 5.5 Air Magic
 + Level 1.0 Earth Magic
 + Level 1.0 Alchemy
 + Level 1.3 Invocations
 + Level 1.2 Evocations
 + Level 1.1 Shapeshifting


You had 12 spell levels left.
You knew the following spells:

 Your Spells              Type           Power      Damage    Failure   Level
a - Shock                 Conj/Air       68%        1d7       2%          1

Your spell library contained the following spells:

 Spells                   Type           Power      Damage    Failure   Level
 Static Discharge         Conj/Air       34%        3-5/arc   4%          2
 Swiftness                Air            23%        N/A       4%          3
 Airstrike                Air            11%        2d(2-18)  14%         4
 Tukima's Dance           Hex            7%         N/A       28%         3
 Passage of Golubria      Tloc           7%         N/A       67%         4
 Yara's Violent Unravell  Hex/Alch       3%         3d4       95%         5


Dungeon Overview and Level Annotations

Branches:
Dungeon (2/15)

Altars:

Annotations:
D:2 Sigmund


Innate Abilities, Weirdness & Mutations

You have very sharp teeth.
Your uncanny sense of smell can sniff out nearby items.
Your experience applies equally to all skills.


Message History

Casting: Shock (safe; 2% risk of failure)
Confirm with . or Enter, or press ? or * to list all spells.
Aiming: Shock (safe; 2% risk of failure)
Press: ? - help, Shift-Dir - straight line The zap hits something.
Casting: Shock (safe; 2% risk of failure)
Confirm with . or Enter, or press ? or * to list all spells.
Aiming: Shock (safe; 2% risk of failure)
Press: ? - help, Shift-Dir - straight line The zap hits something!
Something hits you.
Casting: Shock (safe; 2% risk of failure)
Confirm with . or Enter, or press ? or * to list all spells.
Aiming: Shock (safe; 2% risk of failure)
Press: ? - help, Shift-Dir - straight line Something hits you.
Casting: Shock (safe; 2% risk of failure)
Confirm with . or Enter, or press ? or * to list all spells.
Aiming: Shock (safe; 2% risk of failure)
Press: ? - help, Shift-Dir - straight line
Casting: Shock (safe; 2% risk of failure)
Confirm with . or Enter, or press ? or * to list all spells.
Aiming: Shock (safe; 2% risk of failure)
Press: ? - help, Shift-Dir - straight line Something hits you!
Casting: Shock (safe; 2% risk of failure)
Confirm with . or Enter, or press ? or * to list all spells.
Aiming: Shock (safe; 2% risk of failure)
Press: ? - help, Shift-Dir - straight line You hear some strange, mumbled words.
A puff of flame appears from out of thin air!
The puff of flame misses you.
Casting: Shock (safe; 2% risk of failure)
Confirm with . or Enter, or press ? or * to list all spells.
Aiming: Shock (safe; 2% risk of failure)
Press: ? - help, Shift-Dir - straight line The zap hits something.
Something hits you!
* * * LOW HITPOINT WARNING * * *
A magic dart appears from out of thin air!
The magic dart hits you!
You die...

#..#.#.#########
#
##..#...........#
#
#.......#.#######
#
#.#.#####.......^
# #...# ########.
# ##>.# # # #..#
#l# ##.<# # ..
##.@.## #
#.#####.....# .
...#...${......#
...............#
...########...##
#####


There were no monsters in sight!

Vanquished Creatures
  Robin (D:2)
  3 adders (D:2)
  A dart slug (D:1)
  A ribbon worm (D:2)
  6 ball pythons
  4 bats (D:1)
  2 endoplasms
  2 giant cockroaches (D:1)
  10 goblins
  7 hobgoblins
  A kobold (D:2)
  A quokka (D:1)
  2 frilled lizards (D:1)
  3 rats
44 creatures vanquished.

Notes
Turn   | Place    | Note
-------+----------+-------------------------------------------
     0 | D:1      | bearlyready the Gnoll Air Elementalist began the quest for
                  | the Orb.
     0 | D:1      | Reached XP level 1. HP: 13/13 MP: 6/6
   397 | D:1      | Reached XP level 2. HP: 19/19 MP: 4/7
  1020 | D:1      | Reached skill level 5 in Spellcasting
  1020 | D:1      | Reached XP level 3. HP: 25/25 MP: 5/9
  1335 | D:2      | Noticed Robin
  1361 | D:2      | Killed Robin
  1362 | D:2      | Reached skill level 1 in Invocations
  1373 | D:2      | Reached skill level 1 in Fighting
  1373 | D:2      | Reached skill level 1 in Short Blades
  1373 | D:2      | Reached skill level 1 in Long Blades
  1373 | D:2      | Reached skill level 1 in Axes
  1373 | D:2      | Reached skill level 1 in Maces & Flails
  1373 | D:2      | Reached skill level 1 in Polearms
  1373 | D:2      | Reached skill level 1 in Staves
  1373 | D:2      | Reached skill level 1 in Ranged Weapons
  1373 | D:2      | Reached skill level 1 in Throwing
  1373 | D:2      | Reached skill level 1 in Armour
  1373 | D:2      | Reached skill level 1 in Shields
  1373 | D:2      | Reached skill level 1 in Unarmed Combat
  1373 | D:2      | Reached skill level 1 in Evocations
  1732 | D:2      | Reached skill level 1 in Shapeshifting
  1732 | D:2      | Reached XP level 4. HP: 31/32 MP: 7/11
  1945 | D:2      | Reached skill level 1 in Hexes
  1945 | D:2      | Reached skill level 1 in Summonings
  1945 | D:2      | Reached skill level 1 in Necromancy
  1945 | D:2      | Reached skill level 1 in Translocations
  1945 | D:2      | Reached skill level 1 in Fire Magic
  1945 | D:2      | Reached skill level 1 in Ice Magic
  1945 | D:2      | Reached skill level 1 in Earth Magic
  1945 | D:2      | Reached skill level 1 in Alchemy
  2087 | D:2      | Noticed Sigmund
  2102 | D:2      | Killed from afar by Sigmund

Illustrated notes

Levels and vault maps discovered:
D:1:      evilmike_arrival_hilbert_curve, layout_loops_corners
D:2:      layout_loops_ring, corner_web_ring, chequers_jeans, uniq_robin,
          uniq_sigmund, uniq_crazy_yiuf_cottage

Skill      XL: |  1  2  3  4 |
---------------+-------------+-----
Conjurations   | 2 |  2.3
Spellcasting   | 5 |  5.1
Invocations    | 1 |  1.3
Fighting       | 1 |  1.2
Short Blades   | 1 |  1.2
Long Blades    | 1 |  1.2
Axes           | 1 |  1.2
Maces & Flails | 1 |  1.2
Polearms       | 1 |  1.2
Staves         | 1 |  1.2
Ranged Weapons | 1 |  1.2
Throwing       | 1 |  1.2
Armour         | 1 |  1.2
Shields        | 1 |  1.2
Unarmed Combat | 1 |  1.2
Evocations     | 1 |  1.2
Shapeshifting  | 1 |  1.1
Hexes          | 1 |  1.0
Summonings     | 1 |  1.0
Necromancy     | 1 |  1.0
Translocations | 1 |  1.0
Fire Magic     | 1 |  1.0
Ice Magic      | 1 |  1.0
Earth Magic    | 1 |  1.0
Alchemy        | 1 |  1.0
Dodging        | |  4.7
Stealth        | |  4.3
Air Magic      | |  5.5

Action                     |  1- 3 |  4- 6 || total
---------------------------+-------+-------++-------
  Melee: Dagger            |    12 |     5 ||    17
         Unarmed           |     2 |       ||     2
         Bite              |     1 |       ||     1
   Cast: Shock             |    52 |    26 ||    78
   Stab: Sleeping          |     5 |       ||     5
 Armour: Robe              |     9 |    11 ||    20
  Dodge: Dodged            |    20 |     8 ||    28
